AoeStats
← Kort o gott, Leif

Baltic

510819063Analyzed
3v3 RM · 22h ago on Oct 2, 2026· 59m 52s· 6 players
Game mode
Random Map
Map size
Normal (6 player)
Population
200
Speed
Normal
Resources
Standard
Victory
Conquest
Starting age
Dark Age
Ending age
Imperial Age
RankedLock teamsTeams togetherTeam positionsShared explorationLock speedFull tech treeHidden civsTurbo modeCheats
Victory
Defeat
🇫🇮 Slavs · Finland
1117
+13
🇬🇧 Goths · United Kingdom
1082
+14
🇫🇮 Varangians · Finland
1074
+14
🇸🇪 Koreans · Sweden
1049
-14
🇸🇪 Armenians · Sweden
1038
-14
🇸🇪 Persians · Sweden
1027
-13
Yogensya7784
5:47 Loom
11:16 Feudal Age
16:58 Castle Age
15:27 Double-Bit Axe
16:20 Horse Collar
23:33 Wheelbarrow
23:11 Bow Saw
23:04 Heavy Plow
22:58 Gold Mining
25:21 Stone Mining
28:08 Hand Cart
27:40 Town Watch
30:49 Imperial Age
28:46 Forging
28:36 Scale Mail Armor
30:19 Iron Casting
30:59 Caravan
31:01 Elite Huskarl
32:02 Conscription
32:26 Squires
32:43 Anarchy
34:45 Perfusion
38:42 Two-Man Saw
38:06 Chain Mail Armor
38:51 Blast Furnace
37:44 Man-at-Arms
38:41 Long Swordsman
39:04 Two-Handed Swordsman
39:43 Champion
45:11 Fletching
48:52 Ballistics
50:10 Pikeman
51:01 Halberdier
Wickerman313
9:11 Loom
11:15 Feudal Age
15:58 Castle Age
13:50 Double-Bit Axe
20:06 Bow Saw
23:29 Man-at-Arms
25:14 Wheelbarrow
24:33 Long Swordsman
26:00 Scale Mail Armor
26:11 Forging
27:55 Chain Mail Armor
27:37 Pikeman
30:15 Iron Casting
32:36 Hand Cart
36:27 Imperial Age
34:10 Detinets
36:55 Squires
36:43 Halberdier
36:45 Two-Handed Swordsman
38:26 Plate Mail Armor
38:37 Conscription
39:56 Champion
41:59 Blast Furnace
42:08 Gold Mining
42:30 Druzhina
55:33 Elite Skirmisher
57:24 Fletching
57:34 Padded Archer Armor
TFS|Nappa
7:46 Loom
10:39 Feudal Age
12:05 Double-Bit Axe
14:19 Fletching
17:16 Wheelbarrow
19:26 Castle Age
21:15 Medium Warships
21:01 Bodkin Arrow
25:21 Fishing Lines
26:56 Careening
28:07 Gillnets
28:43 Padded Archer Armor
28:57 Clinker Construction
31:34 Hand Cart
34:11 Bow Saw
33:41 Horse Collar
38:13 Imperial Age
39:52 Bracer
40:35 Gothikon
41:36 Conscription
42:09 Arson
48:45 Padded Archer Armor
49:09 Carvel Hull
49:09 Dry Dock
Kort o gott, Leif
7:12 Loom
7:24 Loom
10:33 Feudal Age
11:28 Double-Bit Axe
14:53 Horse Collar
20:22 Castle Age
20:47 Forging
20:28 Fletching
20:50 Scale Mail Armor
21:31 Squires
23:20 Bow Saw
23:24 Elite Skirmisher
24:04 Fishing Lines
24:57 Medium Warships
25:27 Wheelbarrow
25:19 Bodkin Arrow
27:42 Hand Cart
28:12 Iron Casting
28:03 Hand Cart
29:31 Town Watch
34:55 Imperial Age
32:51 Thumb Ring
33:06 Heavy Plow
33:29 Gillnets
34:18 Chain Mail Armor
34:59 Elite Fire Lancer
37:40 Plate Mail Armor
38:19 Chemistry
37:40 Gold Mining
37:41 Stone Mining
39:49 Conscription
39:33 Arson
41:35 Shinkichon
46:24 Light Cavalry
48:13 Scale Barding Armor
50:40 Crossbowman
51:46 Arbalester
52:46 Pikeman
54:18 Chain Barding Armor
57:06 Halberdier
58:42 Caravan
Nick3N^
4:41 Loom
10:02 Feudal Age
10:48 Double-Bit Axe
13:40 Horse Collar
19:41 Castle Age
18:45 Wheelbarrow
24:42 Heavy Plow
24:55 Bow Saw
26:48 Gold Mining
27:39 Squires
27:25 Arson
27:25 Gambesons
27:53 Man-at-Arms
28:35 Scale Mail Armor
30:44 Forging
31:15 Stone Mining
31:11 Long Swordsman
33:52 Chain Mail Armor
34:13 Iron Casting
33:58 Hand Cart
33:34 Two-Handed Swordsman
38:29 Imperial Age
35:45 Town Watch
38:37 Gold Shaft Mining
38:16 Champion
40:28 Blast Furnace
40:31 Plate Mail Armor
Rush Baby
4:10 Loom
10:19 Feudal Age
10:52 Double-Bit Axe
11:48 Man-at-Arms
13:45 Arson
16:04 Scale Mail Armor
17:15 Forging
18:39 Wheelbarrow
21:51 Castle Age
20:32 Bloodlines
21:59 Pikeman
23:39 Bow Saw
24:40 Scale Barding Armor
25:54 Chain Mail Armor
26:22 Iron Casting
28:02 Fletching
35:36 Imperial Age
34:45 Chain Barding Armor
35:13 Cavalier
36:56 Blast Furnace
38:22 Hand Cart
37:53 Town Watch
38:40 Bodkin Arrow
41:58 Plate Barding Armor
42:43 Padded Archer Armor
43:12 Crossbowman
43:58 Thumb Ring
44:18 Ballistics
46:17 Kamandaran
47:49 Conscription
Connection lost

Rejoining the realm…

Still unreachable

The connection could not be restored.

Session expired

The server has moved on; the page needs a fresh start.